 Dungeon Crawl Stone Soup version 0.22-a0-782-g038298e (webtiles) character file.

382 Cefor the Chiller (level 6, -4/46 HPs)
             Began as a Merfolk Ice Elementalist on July 20, 2018.
             Was a Follower of Kikubaaqudgha.
             Killed from afar by Blork the orc (8 damage)
             ... with a puff of frost
             ... on level 4 of the Dungeon.
             The game lasted 00:39:10 (4672 turns).

Cefor the Chiller (Merfolk Ice Elementalist)        Turns: 4672, Time: 00:39:12

Health: -4/46      AC:  2    Str:  8    XL:     6   Next: 76%
Magic:  1/10       EV: 12    Int: 17    God:    Kikubaaqudgha [*.....]
Gold:   180        SH:  3    Dex: 14    Spells: 3/11 levels left

rFire    . . .     SeeInvis .   b - +0 dagger
rCold    . . .     Gourm    .   s - +0 buckler
rNeg     . . .     Faith    .   a - +0 robe
rPois    .         Spirit   .   (no helmet)
rElec    .         Reflect  .   (no cloak)
rCorr    .         Harm     .   (no gloves)
MR       .....                  (no boots)
Stlth    +++.......             (no amulet)
HPRegen  0.15/turn              (no ring)
MPRegen  0.12/turn              (no ring)

@: no status effects
A: change form in water, swift swim, stealthy swim
a: Receive Corpses, Renounce Religion


You were on level 4 of the Dungeon.
You worshipped Kikubaaqudgha.
Kikubaaqudgha was aware of your devotion.
You were not hungry.

You visited 2 branches of the dungeon, and saw 5 of its levels.

You collected 180 gold pieces.

Inventory:

Hand Weapons
 b - a +0 dagger (weapon)
 m - a +0 halberd
Missiles
 x - 38 stones (quivered)
Armour
 a - a +0 robe (worn)
 s - a +0 buckler (worn)
Jewellery
 q - a +3 ring of intelligence {unknown}
Scrolls
 d - 2 scrolls of teleportation {unknown}
 e - 8 scrolls of identify {unknown}
 i - 4 scrolls of remove curse {unknown}
 j - 2 scrolls of immolation {unknown}
 k - 2 scrolls of amnesia {unknown}
 l - a scroll of blinking {unknown}
 n - a scroll of magic mapping {unknown}
 o - 2 scrolls of enchant armour {unknown}
 p - a scroll of enchant weapon {unknown}
 v - a scroll of noise {unknown}
 w - a scroll of fog {unknown}
Potions
 f - 2 potions of curing {unknown}
 g - a potion of flight {unknown}
 h - a potion of brilliance {unknown}
 r - 2 potions of degeneration {unknown}
 t - 2 potions of lignification {unknown}
 u - a potion of might {unknown}
Comestibles
 c - 6 rations


   Skills:
 + Level 2.9 Fighting
 - Level 2.6 Dodging
 - Level 4.0 Stealth
 + Level 3.2 Spellcasting
 - Level 2.0 Conjurations
 - Level 5.1 Ice Magic


You had 3 spell levels left.
You knew the following spells:

 Your Spells              Type           Power        Failure   Level  Hunger
a - Freeze                Ice            ###.         3%          1    None
b - Throw Frost           Conj/Ice       ##....       10%         2    ##.....
c - Ozocubu's Armour      Chrm/Ice       ##......     30%         3    ###....
d - Magic Dart            Conj           #...         13%         1    None
e - Pain                  Necr           #...         28%         1    None

Your spell library contained the following spells:

 Spells                   Type           Power        Failure   Level  Hunger
 Confuse                  Hex            #.......     65%         3    ###....
 Vampiric Draining        Necr           #.........   65%         3    ###....
 Summon Ice Beast         Ice/Summ       ##......     69%         4    ####...
 Sublimation of Blood     Necr           #.........   41%         2    ##.....
 Tukima's Dance           Hex            #.......     65%         3    ###....
 Corpse Rot               Necr           N/A          41%         2    ##.....
 Throw Icicle             Conj/Ice       ##......     54%         4    ####...
 Ensorcelled Hibernation  Hex/Ice        ##....       16%         2    ##.....
 Corona                   Hex            #......      28%         1    None
 Dazzling Spray           Conj/Hex       #.....       50%         3    ###....


Dungeon Overview and Level Annotations

Branches:
Dungeon (4/15)             Temple (1/1) D:4

Altars:
Dithmenos
Fedhas
Hepliaklqana
Kikubaaqudgha
Nemelex Xobeh
Okawaru
Qazlal
Ru
Sif Muna
Trog
Uskayaw
Vehumet
Wu Jian
Xom
Yredelemnul
The Shining One

Annotations:
D:4 Blork the orc


Message History

Blork the orc hits you with a battleaxe!
Found a ration.
Blork the orc casts a spell at you. The magic dart hits you!
Blork the orc points at you and mumbles some strange words.
The puff of frost misses you.
Blork the orc points at you and mumbles some strange words.
The puff of frost hits you!
* * * LOW HITPOINT WARNING * * *
Blork the orc points at you and mumbles some strange words.
The magic dart hits you!
* * * LOW HITPOINT WARNING * * *
You see here a leather armour.
Casting: Freeze (safe; 3% risk of failure)
Confirm with . or Enter, or press ? or * to list all spells.
You can't see any susceptible monsters within range! (Use Z to cast anyway.) Blork the orc points at you and mumbles some strange words.
The puff of frost hits you!
You die...
Kikubaaqudgha rasps: "You have failed me!
Welcome... death!"

#.#....###
[#.....### ..#
#.#......# ..#
.#.....#.# ..##
#.....##)# .# ##...
....#.##o# #.# #...
...#..##.###.# #..
..##....#.##.# #.#
.###.#.###o#.# #@#
.. #....#.##.# #.#
...#.....###.###[#
......(.........o###
###)###.####.....%.#
#. #.# #####.#.#
####### #. #.. ..#.#
#...... #. #.## ###
. #.##### #. #.# ##
#.#


You could see Blork the orc.

Vanquished Creatures
  An ogre (D:4)
  The ghost of Omega the Shield-Bearer, an amateur GrFi (D:3)
  A hound (D:4)
  Jessica (D:2)
  An orc wizard (Temple)
  A worker ant (D:4)
  3 adders
  A gnoll (D:1)
  An ooze (D:2)
  2 worms
  A dart slug (D:1)
  3 leopard geckos
  10 orcs
  2 ball pythons
  A giant cockroach (D:1)
  10 goblins
  6 hobgoblins
  2 jackals (D:1)
  6 kobolds
  A quokka (D:2)
  6 bats
  4 frilled lizards
  6 rats
71 creatures vanquished.

Notes
Turn   | Place    | Note
-------+----------+-------------------------------------------
     0 | D:1      | Cefor the Merfolk Ice Elementalist began the quest for the Orb.
     0 | D:1      | Reached XP level 1. HP: 13/13 MP: 3/3
   312 | D:1      | Reached XP level 2. HP: 16/19 MP: 0/5
   930 | D:1      | Reached skill level 4 in Ice Magic
   930 | D:1      | Reached XP level 3. HP: 24/24 MP: 1/6
  1491 | D:2      | Learned a level 2 spell: Throw Frost
  1608 | D:2      | Found a shadowy altar of Dithmenos.
  1612 | D:2      | Noticed Jessica
  1615 | D:2      | Killed Jessica
  1615 | D:2      | Reached XP level 4. HP: 30/30 MP: 4/7
  2029 | D:2      | Reached skill level 1 in Conjurations
  2081 | D:2      | Learned a level 3 spell: Ozocubu's Armour
  2166 | D:2      | Found an ancient bone altar of Kikubaaqudgha.
  2167 | D:2      | Found a deep blue altar of Sif Muna.
  2168 | D:2      | Found a radiant altar of Vehumet.
  2172 | D:2      | Became a worshipper of Kikubaaqudgha
  2181 | D:2      | Identified Vehumet's Incunabulum of Arcane Weapons
  2185 | D:2      | Learned a level 1 spell: Magic Dart
  2577 | D:3      | Found a runed door.
  2581 | D:3      | Noticed Omega's ghost (amateur GrFi)
  2608 | D:3      | Killed Omega's ghost
  2608 | D:3      | Reached skill level 5 in Ice Magic
  2608 | D:3      | Reached XP level 5. HP: 21/35 MP: 0/8
  3120 | D:3      | Found a glowing golden altar of the Shining One.
  3611 | D:3      | Reached * piety under Kikubaaqudgha
  3611 | D:3      | Identified Kikubaaqudgha's Disquisition on Dark Rites (Kikubaaqudgha gifted it to you on level 3 of the Dungeon)
  3611 | D:3      | Received a gift from Kikubaaqudgha
  3611 | D:3      | Reached skill level 1 in Fighting
  3615 | D:3      | Learned a level 1 spell: Pain
  3960 | D:4      | Reached XP level 6. HP: 43/43 MP: 2/9
  4094 | D:4      | Found a staircase to the Ecumenical Temple.
  4098 | Temple   | Entered the Ecumenical Temple
  4640 | D:4      | Noticed Blork the orc
  4672 | D:4      | Killed from afar by Blork the orc

Vault maps used:
D:1:      dpeg_arrival_arbitrary_a
D:2:      grunt_temple_overflow_magic_moments, nicolae_dithmenos_shadow_blocks,
          uniq_jessica
D:3:      first_ration, gammafunk_ghost_grave, nicolae_tso_swordbearing_angel
D:4:      minmay_temple_entry_grid, uniq_blork_the_orc
Temple:   nicolae_temple_no_exploring_needed

Skill      XL: |  1  2  3  4  5  6 |
---------------+-------------------+-----
Stealth        | 3 4 |  4.0
Ice Magic      | 4 5 |  5.1
Conjurations   | 1 2 |  2.0
Fighting       | 1 2 |  2.9
Spellcasting   | 3 |  3.2
Dodging        | |  2.6

Action                   |  1- 3 |  4- 6 || total
-------------------------+-------+-------++-------
Melee: Dagger            |       |    23 ||    23
 Cast: Freeze            |    41 |    60 ||   101
       Throw Frost       |     2 |    39 ||    41
       Magic Dart        |       |    17 ||    17
  Eat: Chunk             |     3 |    10 ||    13
       Ration            |       |     1 ||     1
Armor: Robe              |     2 |     6 ||     8
Dodge: Dodged            |    16 |    45 ||    61
Block: Buckler           |       |     7 ||     7

Table legend:
 A = Spawn XP
 B = Non-spawn XP
 C = Spawn XP percentage of total XP
 D = Spawn monster count
 E = Non-spawn monster count
 F = Spawn count percentage of total count
 G = Total turns spent on level
                    A         B        C        D         E        F      G
               +---------+---------+-------+---------+---------+-------+---------
         Total |       0 |     546 |   0.0 |       0 |      71 |   0.0 |  4672
               +---------+---------+-------+---------+---------+-------+---------
           D:1 |       0 |      50 |   0.0 |       0 |      21 |   0.0 |  1487
           D:2 |       0 |      76 |   0.0 |       0 |      11 |   0.0 |  1023
           D:3 |       0 |     163 |   0.0 |       0 |      23 |   0.0 |  1310
           D:4 |       0 |     213 |   0.0 |       0 |      12 |   0.0 |   461
        Temple |       0 |      44 |   0.0 |       0 |       4 |   0.0 |   391
               +---------+---------+-------+---------+---------+-------+---------
